[Event "*** Titled Tuesday Blitz"]
[Site "Chess.com"]
[Date "2020.12.29"]
[Round "9"]
[White "Kazmin_Dmitrij"]
[Black "kai_nov"]
[Result "1/2-1/2"]
[WhiteElo "2264"]
[BlackElo "2375"]
[TimeControl "180+1"]
[EndTime "11:44:58 PST"]
[Termination "Game drawn by repetition"]

1. e4 c5 2. Nc3 e6 3. g3 d5 4. exd5 exd5 5. d4 cxd4 6. Qxd4 Nf6 7. Bg5 Nc6 8. Bxf6 Nxd4 9. Bxd8 Nxc2+ 10. Kd2 Nxa1 11.
Bg5 Bb4 12. Nf3 d4 13. Nxd4 f6 14. Bb5+ Kf7 15. Be3 Rd8 16. Rxa1 Bc5 17. Ne2 Bg4 18. Rc1 Bb4+ 19. Nc3 Rac8 20. Bd3 Bc5 21. Nde2 Rxd3+ 22. Kxd3 Bf5+ 23. Kd2 Rd8+ 24. Ke1 Bxe3 25. fxe3 a6 26. Nd4 Bg4 27. Kf2 g6 28. Nce2 Rd7 29. Rc4 h5 30.
Nf3 g5 31. Rd4 Rc7 32. Nc3 Be6 33. Nd2 b5 34. Rd6 b4 35. Nce4 Rc2 36. Rxa6 Rxb2 37. Ra7+ Kg6 38. Ra6 Kf7 39. Ra7+ Kg6 40. Ra6 Kf7 1/2-1/2

[Event "*** Titled Tuesday Blitz"]
[Site "Chess.com"]
[Date "2020.12.29"]
[Round "9"]
[White "Zhigalko_Sergei"]
[Black "ChessLover0108"]
[Result "1-0"]
[WhiteElo "2859"]
[BlackElo "2749"]
[TimeControl "180+1"]
[EndTime "11:45:00 PST"]
[Termination "Zhigalko_Sergei won on time"]

1. e4 c5 2. Nf3 d6 3. d4 cxd4 4. Qxd4 a6 5. Bc4 Nc6 6. Qd3 Bg4 7. Nc3 e6 8. Bf4 Bxf3 9. Qxf3 Ne5 10. Qe2 Qc7 11.
Bb3 Nf6 12. Bg3 g5 13. O-O-O O-O-O 14. Kb1 Rg8 15. f3 h5 16. Bf2 Kb8 17. h4 gxh4 18. Rxh4 Rxg2 19. Ba7+ Kxa7 20. Qxg2 Ng6 21. Rhh1 Qc5 22.
Na4 Qe5 23. Qg1+ Kb8 24. Nc5 Nf4 25. Nxa6+ bxa6 26. Qb6+ Kc8 27. Rd4 Kd7 28. Rc4 Ke7 29. Rc7+ Nd7 30. Ba4 Bg7 31. Qb7 Bf6 32. Bxd7 Kf8 33.
Ba4 Kg8 34. Rg1+ Ng6 35. c3 Qf4 36. Bc2 Qxf3 37. Rxf7 Kh8 38. a3 Ra8 39. Rxg6 1-0

[Event "*** Titled Tuesday Blitz"]
[Site "Chess.com"]
[Date "2020.12.29"]
[Round "9"]
[White "Vesper2018"]
[Black "1random"]
[Result "1-0"]
[WhiteElo "2620"]
[BlackElo "2429"]
[TimeControl "180+1"]
[EndTime "11:45:00 PST"]
[Termination "Vesper2018 won by checkmate"]

1. e4 f5 2. exf5 Nf6 3. d4 d5 4. Bd3 c5 5. c3 e6 6. fxe6 Bd6 7. Nf3 O-O 8. O-O Bxe6 9. h3 Nc6 10. Re1 Bf7 11. Ne5 Bh5 12. g4 Be8 13. Bg5 Qc7 14.
Nxc6 Bxc6 15. Nd2 Ne4 16. Nxe4 dxe4 17. Bxe4 Bh2+ 18. Kg2 Rxf2+ 19. Kxf2 Qg3+ 20. Ke2 Bxe4 21. Kd2 Qf2+ 22. Kc1 Bf4+ 23. Bxf4 Qxf4+ 24. Qd2 Qf3 25. Qe3 Qxe3+ 26. Rxe3 Bg6 27. Kd2 cxd4 28. cxd4 Rd8 29.
Kc3 Rc8+ 30. Kb4 Rc2 31. b3 Rd2 32. Kc5 Rc2+ 33. Kd6 Rd2 34. d5 Bf7 35. Re5 Rd3 36.
Rc1 g6 37. Rc8+ Kg7 38. Rc7 Kf6 39. g5+ Kg7 40. h4 b6 41. Rxa7 b5 42. Rb7 b4 43.
Rxb4 h5 44. Rb7 Rd2 45. a4 Rd3 46. a5 Rd2 47. a6 Ra2 48. a7 Ra6+ 49. Kc5 Kh8 50.
Rxf7 Kg8 51. Rb7 Kf8 52. d6 Ra5+ 53. Kd4 Ra4+ 54. bxa4 Kg8 55. Re8# 1-0

[Event "*** Titled Tuesday Blitz"]
[Site "Chess.com"]
[Date "2020.12.29"]
[Round "9"]
[White "OparinGrigoriy"]
[Black "GMHess"]
[Result "0-1"]
[WhiteElo "2970"]
[BlackElo "2882"]
[TimeControl "180+1"]
[EndTime "11:45:01 PST"]
[Termination "GMHess won on time"]

1. Nf3 g6 2. d4 Bg7 3. e4 d6 4.
Bd3 a6 5. O-O Nd7 6. Re1 e6 7. a4 Ne7 8. a5 h6 9. c3 O-O 10. Na3 e5 11. Nc4 exd4 12. cxd4 d5 13. exd5 Nxd5 14. h3 N7f6 15. Nce5 Ne7 16. b3 Bf5 17.
Bc4 Ned5 18. Ba3 Re8 19. Qd2 c6 20. Bb2 Ne4 21. Qc1 Nd6 22. Qd2 Ne4 23. Qc1 Nd6 24. Bd3 Bxd3 25. Nxd3 Rxe1+ 26. Qxe1 Qc7 27. Nc5 Re8 28. Qd1 Nb5 29. Ne5 Bf8 30. Ncd3 Qc8 31. Qf3 Qe6 32. Re1 Qf6 33. Qg3 Nb4 34. Nc5 Nc2 35.
Re4 Ncxd4 36. Ncd7 Qf5 37. Rxd4 Nxd4 38. Bxd4 Bg7 39. Kh2 f6 40. Qxg6 Qxg6 41. Nxg6 Kf7 42. Nf4 Rd8 43. Nxf6 Rxd4 0-1

[Event "*** Titled Tuesday Blitz"]
[Site "Chess.com"]
[Date "2020.12.29"]
[Round "9"]
[White "PotapovaM"]
[Black "Nafania1"]
[Result "0-1"]
[WhiteElo "2531"]
[BlackElo "2429"]
[TimeControl "180+1"]
[EndTime "11:45:01 PST"]
[Termination "Nafania1 won on time"]

1. d4 Nf6 2. c4 e6 3. Nf3 Bb4+ 4. Nbd2 O-O 5. a3 Be7 6. e4 d6 7.
Be2 c5 8. d5 Nbd7 9. O-O Ng4 10. Re1 Bf6 11. Rb1 exd5 12. cxd5 a6 13. Nc4 Nde5 14. Nfxe5 Nxe5 15. Ne3 Ng6 16. b4 cxb4 17. axb4 Re8 18. Bd3 Bd7 19. Nc4 Bb5 20. Na5 Bxd3 21. Qxd3 Qd7 22. Be3 Ne5 23. Qe2 Rac8 24. h3 Ng6 25.
Bb6 Bc3 26. Rec1 f5 27. Qd3 fxe4 28. Qe3 Be5 29. Rd1 Bf4 30. Qd4 Be5 31. Qe3 Rc3 32. Qd2 Rd3 33. Qe2 Nf4 34. Qxe4 Rxd1+ 35. Rxd1 Nxh3+ 36. Kf1 Ng5 37. Qc2 Qg4 38. Re1 Qxb4 39. Nc4 Rc8 40. Rc1 Bf4 41. Qf5 Rxc4 42. Rb1 Qc3 43. Qd7 Qd3+ 0-1

[Event "*** Titled Tuesday Blitz"]
[Site "Chess.com"]
[Date "2020.12.29"]
[Round "9"]
[White "Chernobay_Artem"]
[Black "Vyacheslav_N"]
[Result "0-1"]
[WhiteElo "2610"]
[BlackElo "2452"]
[TimeControl "180+1"]
[EndTime "11:45:02 PST"]
[Termination "Vyacheslav_N won on time"]

1. d4 d5 2. Bf4 Nf6 3. e3 c5 4. c3 Nc6 5. Nd2 g6 6. Bd3 Bg7 7. h3 O-O 8. Ngf3 Nd7 9. Bb5 Qb6 10. Qa4 a6 11. Bxc6 bxc6 12. O-O Qb5 13. Qa3 f6 14. Bg3 e5 15. dxe5 Nxe5 16. Nxe5 fxe5 17. e4 Be6 18. Rfe1 d4 19. Rac1 c4 20. Qd6 Rfe8 21. Nf3 Rad8 22. Qb4 Qxb4 23. cxb4 Bf7 24.
Red1 Rb8 25. a3 a5 26. Nd2 Bh6 27. Rc2 Bxd2 28. Rdxd2 axb4 29. axb4 Rxb4 30. f3 Rb5 31. Rc1 Reb8 32. Ra1 d3 33. Ra7 Kf8 34. Rc7 R8b6 35. Bf2 Rb7 36. Rxc6 Rxb2 37. Bc5+ Kg7 38. Rxb2 Rxb2 39.
Bd6 Rb1+ 40. Kf2 d2 0-1

[Event "*** Titled Tuesday Blitz"]
[Site "Chess.com"]
[Date "2020.12.29"]
[Round "9"]
[White "yuki_chess123"]
[Black "guillembaches"]
[Result "1/2-1/2"]
[WhiteElo "2223"]
[BlackElo "2456"]
[TimeControl "180+1"]
[EndTime "11:45:02 PST"]
[Termination "Game drawn by repetition"]

1. e4 c5 2. Nf3 d6 3. Bb5+ Bd7 4. c4 e5 5. Bxd7+ Qxd7 6. Nc3 Nc6 7. d3 Be7 8. a3 a5 9. Nd5 Bd8 10. Qa4 Nge7 11.
Bd2 O-O 12. b4 Nxd5 13. cxd5 Nb8 14. b5 f5 15. Qc4 f4 16. a4 g5 17. Bc3 Qe8 18.
h3 Nd7 19. Qa2 h5 20. Qe2 Qg6 21. Nd2 Nb6 22. f3 Kf7 23. Nc4 Nxc4 24. dxc4 Rh8 25. O-O-O b6 26. Kc2 Be7 27. Kb3 Rh6 28. Rdg1 Rah8 29.
Be1 g4 30. hxg4 hxg4 31. Rxh6 Rxh6 32. fxg4 Bh4 33. g3 Bg5 34. Qf3 Rh3 35. Rh1 Qh6 36. Rxh3 Qxh3 37. Bf2 Kg6 38. Kc2 Qf1 39. gxf4 Qxc4+ 40. Kd1 Qxa4+ 41. Ke1 Bxf4 42. Kf1 Qxb5+ 43. Kg2 Qc4 44.
g5 Qc2 45. Kh3 Qd2 46. Qg4 Qxf2 47. Qf5+ Kg7 48. Qf6+ Kg8 49. Qg6+ Kf8 50. Qf6+ Kg8 51. Qg6+ Kf8 52. Qf6+ Kg8 1/2-1/2

[Event "*** Titled Tuesday Blitz"]
[Site "Chess.com"]
[Date "2020.12.29"]
[Round "9"]
[White "BelaKis"]
[Black "akanga001"]
[Result "1/2-1/2"]
[WhiteElo "2121"]
[BlackElo "1949"]
[TimeControl "180+1"]
[EndTime "11:45:03 PST"]
[Termination "Game drawn by repetition"]

1. d4 Nf6 2. c4 b6 3. Nc3 Bb7 4. a3 d6 5. e4 Nbd7 6. f3 e5 7.
Nge2 a5 8. Be3 g6 9. Qd2 Bg7 10. Rb1 O-O 11. d5 a4 12. Nc1 Nc5 13. Be2 Nfd7 14.
Bd1 f5 15. Nd3 f4 16. Bf2 Ba6 17. Nb5 Bxb5 18. cxb5 g5 19. h3 h5 20. Nb4 Qf6 21.
Qc3 Kh7 22. Be2 Rg8 23. Na6 Rac8 24. Qb4 Kg6 25. Rc1 Rh8 26. Nxc5 dxc5 27. Qxa4 Qd6 28.
Qc4 Nf6 29. a4 g4 30. hxg4 hxg4 31. Kd2 g3 32. Rxh8 Rxh8 33. Bg1 Bf8 34. Kc3 Qe7 35. b3 Qg7 36. Kb2 Bd6 37. Bf1 Rh1 38. Be2 Qh6 39. Ra1 Nh7 40. a5 Ng5 41. a6 Nh3 42. a7 Rxg1 43. Rxg1 Nxg1 44. a8=Q Nxe2 45. Qxe2 Qh1 46. Qe8+ Kf6 47. Qe6+ Kg7 48. Qd7+ Kg6 49. Qe6+ Kg7 50. Qd7+ Kg6 51. Qe6+ Kg7 1/2-1/2

[Event "*** Titled Tuesday Blitz"]
[Site "Chess.com"]
[Date "2020.12.29"]
[Round "9"]
[White "Agoking701"]
[Black "Itk04"]
[Result "0-1"]
[WhiteElo "2348"]
[BlackElo "2466"]
[TimeControl "180+1"]
[EndTime "11:45:04 PST"]
[Termination "Itk04 won on time"]

1. e4 e6 2. d4 d5 3. e5 c5 4. c3 Nc6 5. Nf3 Bd7 6. Bd3 Rc8 7.
a3 Nge7 8. O-O cxd4 9. cxd4 Nf5 10. Bc2 Be7 11. Nc3 O-O 12. Bxf5 exf5 13. Nxd5 Be6 14. Nf4 Bd5 15. Be3 Qd7 16. Rc1 Rfd8 17. Qd2 Bxf3 18. gxf3 Nxd4 19. Bxd4 Rxc1 20. Rxc1 Qxd4 21. Qxd4 Rxd4 22.
Rc8+ Rd8 23. Rc7 Bh4 24. Rxb7 h6 25. Rxa7 Rd2 26. Nh3 Rxb2 27. a4 g5 28. Ra8+ Kg7 29.
a5 Rb1+ 30. Kg2 Rb2 31. Kg1 g4 32. fxg4 fxg4 33. Nf4 Bxf2+ 34. Kf1 Be3 35. Nd5 Bd4 36. a6 Rf2+ 37. Ke1 Rxh2 38. Nf6 Bxe5 39. Nxg4 Bc3+ 40.
Kf1 Ra2 41. Ne3 Bd2 42. Nf5+ Kf6 0-1

[Event "*** Titled Tuesday Blitz"]
[Site "Chess.com"]
[Date "2020.12.29"]
[Round "9"]
[White "RobertoJBM"]
[Black "GM_LOADING"]
[Result "0-1"]
[WhiteElo "2678"]
[BlackElo "2519"]
[TimeControl "180+1"]
[EndTime "11:45:05 PST"]
[Termination "GM_LOADING won on time"]

1. d4 Nf6 2. c4 e6 3. Nc3 Bb4 4. Qc2 Nc6 5. Nf3 d6 6. g3 e5 7. d5 Bxc3+ 8. Qxc3 Ne7 9. Bg2 O-O 10.
O-O c6 11. dxc6 bxc6 12. b4 Qc7 13. Bb2 Bf5 14. Nd2 Rab8 15. a4 a6 16. Rfc1 h6 17. Ba3 Rfd8 18. Nb3 Be4 19. f3 Bf5 20. e4 Be6 21. Kh1 Qa7 22. Rd1 Ng6 23. Rd2 d5 24. Nc5 d4 25. Qc2 Bc8 26. Nd3 Qc7 27. Rf1 Be6 28.
Nc5 Bc8 29. Qd3 h5 30. Rdf2 h4 31. Kg1 hxg3 32. hxg3 Nh5 33. Kh2 Qe7 34. Qd2 Nxg3 35. Re1 Qh4+ 36. Kg1 Nf4 37. Nd3 Ng6 38. Rd1 Rd6 39. b5 Rf6 40. Nc5 Nf4 41. bxa6 Rh6 0-1

[Event "*** Titled Tuesday Blitz"]
[Site "Chess.com"]
[Date "2020.12.29"]
[Round "9"]
[White "Heineccius"]
[Black "WPWPWP-2015"]
[Result "1/2-1/2"]
[WhiteElo "2576"]
[BlackElo "2474"]
[TimeControl "180+1"]
[EndTime "11:45:05 PST"]
[Termination "Game drawn by stalemate"]

1. d4 Nf6 2. c4 e6 3. Nc3 Bb4 4. g3 O-O 5. Bg2 d5 6. Nf3 Nbd7 7. O-O c6 8. Nd2 b6 9. Qb3 a5 10. a3 Bxc3 11. bxc3 Ba6 12. Re1 Re8 13. cxd5 exd5 14.
c4 a4 15. Qc2 Rc8 16. Bb2 Nf8 17. e4 dxe4 18. Nxe4 Nxe4 19. Bxe4 b5 20. c5 Rc7 21.
Bf3 Bc8 22. Bc3 Rce7 23. Rxe7 Rxe7 24. Bxc6 Bd7 25. Bg2 Ne6 26. c6 Be8 27. d5 Nc7 28. Bb4 Na6 29. Bxe7 Qxe7 30. Qc3 Nc7 31. Re1 Qd6 32. Qe5 Qxe5 33. Rxe5 b4 34. axb4 a3 35. d6 Ne6 36. d7 Kf8 37. dxe8=Q+ Kxe8 38. Re3 Kd8 39. Rxa3 Kc7 40. Ra7+ Kb6 41. Rxf7 Nd4 42. Rb7+ Ka6 43. Rxg7 h5 44. Rb7 h4 45. c7 h3 46.
Be4 Ne2+ 47. Kf1 Nxg3+ 48. fxg3 1/2-1/2

[Event "*** Titled Tuesday Blitz"]
[Site "Chess.com"]
[Date "2020.12.29"]
[Round "9"]
[White "dretch"]
[Black "tjychess"]
[Result "1-0"]
[WhiteElo "2849"]
[BlackElo "2740"]
[TimeControl "180+1"]
[EndTime "11:45:06 PST"]
[Termination "dretch won on time"]

1. d4 Nf6 2. c4 e6 3. Nc3 Bb4 4.
Qc2 O-O 5. e4 d5 6. e5 Nfd7 7. a3 Bxc3+ 8. bxc3 c5 9. Nf3 Nc6 10.
Ng5 g6 11. Nf3 Qc7 12. cxd5 exd5 13. Bd3 Re8 14. O-O b6 15. Ng5 Nf8 16. Qb2 Ne6 17. Nxe6 Bxe6 18. Be3 c4 19. Be2 Rab8 20. g4 Qe7 21. f4 f5 22. Qb5 Qd7 23. gxf5 Bxf5 24.
Bf3 Nxe5 25. Bxd5+ Kg7 26. Qxd7+ Nxd7 27. Rfe1 Nf6 28.
Bc6 Red8 29. d5 Nxd5 30. Bd4+ Kh6 31. Be5 Rbc8 32. Bb7 Rc5 33. Rad1 Rd7 34. Ba8 Rd8 35.
Bb7 Rd7 36. Ba6 Nc7 37. Rxd7 Bxd7 38. Bb7 Bc6 39. Bd4 Bxb7 40. Bxc5 bxc5 41. Re7 Nd5 42. Rxb7 Nxc3 43. Kf1 Nd5 44. Rb5 Nxf4 45. Rxc5 g5 46. Rxc4 Kh5 47. Rc7 h6 48. Rxa7 Kg4 49. Re7 Kh3 50. Kg1 h5 51. Re3+ Kg4 52.
a4 Nd5 53. Re5 Nf4 54. a5 Kf3 55. a6 1-0

[Event "*** Titled Tuesday Blitz"]
[Site "Chess.com"]
[Date "2020.12.29"]
[Round "9"]
[White "bogcsab"]
[Black "PlotnikovPavel"]
[Result "0-1"]
[WhiteElo "2118"]
[BlackElo "2456"]
[TimeControl "180+1"]
[EndTime "11:45:06 PST"]
[Termination "PlotnikovPavel won on time"]

1. d4 Nf6 2. c4 g6 3. Nc3 Bg7 4. e4 d6 5. f3 O-O 6. Be3 e5 7. Nge2 Nh5 8. g4 Nf4 9. Nxf4 exf4 10. Bxf4 f5 11. exf5 gxf5 12. g5 Nc6 13. d5 Ne5 14. Be2 Ng6 15. Qd2 Be5 16. Bxe5 dxe5 17. O-O-O f4 18. Ne4 Bf5 19. Nf6+ Rxf6 20. gxf6 Qxf6 21. Bd3 e4 22. Bxe4 Bxe4 23. fxe4 Re8 24. Qd4 Qg5 25. Rhg1 Qh4 26. e5 Qxh2 27. Rd2 Qh6 28.
e6 f3 29. Qg4 f2 30. Rf1 Rf8 31.
e7 Re8 32. Qe6+ Kg7 33. Rxf2 Rxe7 34. Qf6+ Kg8 35. d6 Qh1+ 36. Kc2 Qe4+ 37. Kb3 Qe3+ 38. Qc3 Qb6+ 39. Qb4 Re3+ 40. Ka4 Qa6+ 41. Qa5 Qxc4+ 42. Qb4 b5+ 43. Ka5 Qc6 0-1

[Event "*** Titled Tuesday Blitz"]
[Site "Chess.com"]
[Date "2020.12.29"]
[Round "9"]
[White "penguingm1"]
[Black "GM_Crest"]
[Result "1-0"]
[WhiteElo "2928"]
[BlackElo "2693"]
[TimeControl "180+1"]
[EndTime "11:45:07 PST"]
[Termination "penguingm1 won on time"]

1. d4 d5 2. Bf4 e6 3. e3 Bd6 4.
Nf3 c5 5. Nbd2 Bxf4 6. exf4 cxd4 7. Nxd4 Qb6 8. c3 Nc6 9. N2f3 Qxb2 10. Nb5 Ke7 11.
Bd3 a6 12. Rb1 Qxa2 13. Ra1 Qb2 14. O-O Nf6 15. Re1 Bd7 16. Rb1 Qa2 17. Ra1 Qb2 18.
Re2 Qxa1 19. Qxa1 axb5 20. Qb2 Ra5 21. h3 Rha8 22. Kh2 Ra3 23. Bxb5 Ne4 24. Bxc6 Bxc6 25. c4 Kf8 26. cxd5 Bxd5 27. Rxe4 Bxe4 28. Qb4+ Kg8 29. Qxe4 h6 30. Qxb7 R3a7 31. Qc6 Rd8 32. Ne5 Ra2 33. Qb6 Rf8 34. Nd7 Re8 35. Qc6 Rd8 36.
Qc7 Re8 37. Ne5 Rf8 38. Qc5 Re8 39. Qe3 Rd8 40. Qg3 Rdd2 41. Ng4 Kh8 42. Qc3 h5 43. Ne5 Rxf2 44. Qg3 Kg8 45. Nd3 Rxg2+ 46. Qxg2 1-0

[Event "*** Titled Tuesday Blitz"]
[Site "Chess.com"]
[Date "2020.12.29"]
[Round "9"]
[White "KaterinaMiroshnik"]
[Black "mbojan"]
[Result "1-0"]
[WhiteElo "2557"]
[BlackElo "2669"]
[TimeControl "180+1"]
[EndTime "11:45:07 PST"]
[Termination "KaterinaMiroshnik won on time"]

1. d3 g6 2. Nf3 Bg7 3. Nbd2 e5 4. e4 Ne7 5. Be2 d6 6. O-O Nbc6 7. c3 O-O 8. Qc2 h6 9. b3 f5 10. Bb2 f4 11. d4 g5 12. dxe5 dxe5 13. h3 Ng6 14. Rfd1 Qf6 15. c4 h5 16. Nh2 g4 17. hxg4 Qg5 18. Ndf3 Qf6 19. gxh5 Nh4 20. Rd2 Nxf3+ 21. Nxf3 Kh8 22. a3 Rg8 23. b4 Bg4 24. Rad1 Qh6 25. b5 Bxf3 26. Bxf3 Nd4 27. Bxd4 exd4 28. e5 Bxe5 29.
Qe4 Rae8 30. Qxb7 Rg5 31. Re2 Qg7 32. Rxd4 Rg8 33. Rd1 Bd6 34. Qe4 Bc5 35. a4 Bb6 36. a5 Bc5 37. Qc6 Bd6 38. Rde1 Rc5 39. Qb7 Rg5 40. Re8 Qf6 41. Rxg8+ Rxg8 42. Qxa7 Qc3 43. Re6 Qc1+ 44. Kh2 Qxc4 45. Rh6+ Kg7 46. Rg6+ Kh7 47. Rxd6 Rg7 48. Rg6 Rf7 49. b6 1-0

[Event "*** Titled Tuesday Blitz"]
[Site "Chess.com"]
[Date "2020.12.29"]
[Round "9"]
[White "annacramling"]
[Black "pavelalexandru07"]
[Result "0-1"]
[WhiteElo "2077"]
[BlackElo "2276"]
[TimeControl "180+1"]
[EndTime "11:45:07 PST"]
[Termination "pavelalexandru07 won by resignation"]

1. d4 Nf6 2. c4 c5 3. d5 e6 4. Nc3 exd5 5. cxd5 d6 6. e4 g6 7. f4 Bg7 8. Bb5+ Nfd7 9. Be2 Qh4+ 10. g3 Qd8 11. Nf3 O-O 12. O-O Re8 13. Bd2 Na6 14. a3 Nc7 15. Qc2 Rb8 16. a4 b6 17. Nb5 Ba6 18.
Nxc7 Bxe2 19. Nxe8 Bxf1 20. Nxg7 Be2 21. Ng5 Nf6 22.
Bc3 Bg4 23. h3 Bc8 24. N7e6 fxe6 25. Nxe6 Bxe6 26. dxe6 Qe7 27. f5 Rf8 28. Qd2 Nxe4 29.
Qe3 Nxc3 30. bxc3 Rxf5 31. Rd1 Re5 32. Qd3 Rxe6 33. Qd5 Kg7 34. Rf1 Rf6 35. Rd1 Qe6 36. Qxe6 Rxe6 37. Kf2 Kf6 38. Rd3 Ke7 39. Kf3 Rf6+ 40.
Ke2 Ke6 41. Re3+ Kd7 42. c4 Re6 43. Rxe6 Kxe6 44. Ke3 Ke5 45. h4 Kf5 46. Kf3 Ke5 47.
Ke3 d5 48. cxd5 Kxd5 49. Kd3 c4+ 50. Kc3 Kc5 51. g4 a6 52. h5 gxh5 53. gxh5 b5 54.
axb5 axb5 55. h6 Kd5 56. Kb4 Ke5 0-1

[Event "*** Titled Tuesday Blitz"]
[Site "Chess.com"]
[Date "2020.12.29"]
[Round "9"]
[White "Keks2017"]
[Black "MPGM"]
[Result "1-0"]
[WhiteElo "2570"]
[BlackElo "2696"]
[TimeControl "180+1"]
[EndTime "11:45:10 PST"]
[Termination "Keks2017 won on time"]

1. g3 d5 2. Bg2 e6 3. Nf3 Nf6 4. O-O Be7 5. d3 c5 6. Nbd2 O-O 7. e4 Nc6 8. Re1 b5 9. e5 Nd7 10. Nf1 a5 11. h4 a4 12. h5 h6 13. N1h2 Re8 14. Ng4 Bf8 15. Nfh2 Nd4 16. c3 Nf5 17. a3 b4 18. axb4 cxb4 19. Rxa4 Rxa4 20. Qxa4 bxc3 21.
bxc3 Nc5 22. Qc2 Ba6 23. Bf1 Qb6 24. Ne3 Nxe3 25. Bxe3 Qc7 26. d4 Bxf1 27. Nxf1 Nd7 28. Rb1 Rc8 29. Bd2 Nb6 30. Ne3 Nc4 31. Nxc4 Qxc4 32. Be1 Be7 33. Rb7 Bb4 34. Qa4 Bxc3 35. Qd7 Rf8 36. Rc7 Qxc7 37. Qxc7 Bxe1 38. Kf1 Bd2 39.
Ke2 Bb4 40. Kd3 Ba3 41. f4 Ra8 42. Qc6 Ra7 43. g4 Bf8 44. f5 exf5 45. gxf5 Ra3+ 46.
Kc2 Ra5 47. e6 fxe6 48. fxe6 Ra7 49. Qxd5 Kh8 50. Qd8 Kg8 51. d5 Re7 52. Kd3 1-0

[Event "*** Titled Tuesday Blitz"]
[Site "Chess.com"]
[Date "2020.12.29"]
[Round "9"]
[White "XiaoKangZhong"]
[Black "mirochka"]
[Result "1-0"]
[WhiteElo "2411"]
[BlackElo "2185"]
[TimeControl "180+1"]
[EndTime "11:45:11 PST"]
[Termination "XiaoKangZhong won on time"]

1. e4 c5 2. c3 d5 3. exd5 Qxd5 4. d4 Nc6 5. Nf3 Bf5 6. Be3 Bxb1 7. Rxb1 cxd4 8.
Nxd4 O-O-O 9. Be2 e5 10. Nxc6 Qxc6 11. Qb3 Qxg2 12. Rf1 Qe4 13. Qc4+ Qxc4 14. Bxc4 Nh6 15. Bxa7 Kc7 16. Be3 f5 17. Bxh6 gxh6 18. Ke2 Bc5 19.
Rbd1 e4 20. Rxd8 Rxd8 21. Rg1 f4 22. Rg7+ Kc6 23. Rxh7 f3+ 24. Ke1 Rd6 25. b4 Bb6 26. a4 Rg6 27. Bb5+ Kd6 28. Rxb7 Rg1+ 29. Bf1 e3 30.
Rxb6+ Kc7 31. Re6 e2 32. Rxe2 fxe2 33. Kxe2 Rh1 34. Bg2 Rxh2 35. Be4 Rh4 36. Ke3 Rh2 37. c4 Rh3+ 38. Bf3 h5 39. c5 Rh4 40. Be4 Rh3+ 41.
Bf3 Rh4 42. Be4 Rh3+ 43. Kd4 Ra3 44. a5 h4 45. f4 h3 46. f5 h2 47. f6 Ra4 48. Kc4 Ra1 49. f7 Rf1 50. b5 Rf4 51. b6+ Kb8 52. Kd3 Rxf7 53. a6 Rd7+ 54. Kc4 Re7 55.
a7+ 1-0

[Event "*** Titled Tuesday Blitz"]
[Site "Chess.com"]
[Date "2020.12.29"]
[Round "9"]
[White "malakismayil"]
[Black "MatyChess1"]
[Result "0-1"]
[WhiteElo "2303"]
[BlackElo "2518"]
[TimeControl "180+1"]
[EndTime "11:45:12 PST"]
[Termination "MatyChess1 won by resignation"]

1. e4 c5 2. Nf3 g6 3. d4 cxd4 4.
Nxd4 Nc6 5. Nxc6 bxc6 6. Nc3 Bg7 7. Bc4 Rb8 8. O-O d6 9. Bb3 Nf6 10. Be3 a5 11. f4 O-O 12. h3 Nh5 13. Qe1 e5 14. Rd1 Nxf4 15. Bxf4 exf4 16. Rxf4 Be5 17. Rf1 Qg5 18. Qf2 Bxh3 19. Rd3 Bg4 20. Ne2 Qh5 21. Nf4 Qh6 22. Nh3 c5 23. c3 Qh5 24. Re1 Rb7 25.
Bd5 Rc7 26. b3 Rb8 27. Bc4 Rf8 28. Rde3 Qh6 29. Rd3 Re7 30. Rde3 Qg7 31. Rd3 Bxc3 32. Rf1 Bd4 33. Rxd4 Qxd4 34. Qxd4 cxd4 35. Ng5 Kg7 36. Kf2 h6 37. Nf3 Rxe4 38. Rd1 Bxf3 39. gxf3 Rf4 40. Kg3 g5 41. Bd5 Re8 42. Be4 h5 43. Rh1 h4+ 44. Kf2 Rc8 45. Ke2 Rc3 46. Kd2 Kf6 47. Rg1 Rcxf3 48. Bxf3 Rxf3 49. Rc1 h3 50. Rh1 g4 51.
Ke2 d3+ 52. Kd2 Ke5 53. Re1+ Kf4 54. Re7 f5 55. Rd7 Rf2+ 56. Kxd3 Rxa2 57. Rxd6 a4 58.
Rd4+ Kg3 59. bxa4 f4 60. Kc3 h2 61. Kb3 Ra1 62. Rd3+ f3 63. a5 Rxa5 64. Kb4 Ra8 0-1

[Event "*** Titled Tuesday Blitz"]
[Site "Chess.com"]
[Date "2020.12.29"]
[Round "9"]
[White "kingofthenil"]
[Black "rasmussvane"]
[Result "1/2-1/2"]
[WhiteElo "2759"]
[BlackElo "2877"]
[TimeControl "180+1"]
[EndTime "11:45:13 PST"]
[Termination "Game drawn by repetition"]

1. e4 c6 2. c4 d5 3. cxd5 cxd5 4.
exd5 Nf6 5. Nc3 Nxd5 6. Nf3 g6 7. Bc4 Nb6 8. Bb3 Bg7 9. d4 O-O 10. O-O Nc6 11. d5 Na5 12. h3 Bf5 13. Re1 Rc8 14. Bg5 Re8 15. Nd4 Qd7 16. Nxf5 Qxf5 17. Bxe7 Nxb3 18.
Qxb3 Bxc3 19. bxc3 Nxd5 20. Bh4 b6 21. Bg3 Nf6 22.
Qa4 Qd7 23. Qh4 Qf5 24. Qa4 Ne4 25. Qxa7 Qc5 26. Kh2 Nxg3 27. fxg3 Qxc3 28. Rxe8+ Rxe8 29. Rf1 Qc4 30. Rf4 Qe6 31. a4 Rd8 32. Qb7 h5 33. Qe4 Rd6 34. Qxe6 Rxe6 35. Rb4 Kg7 36. Rb5 Kf6 37. a5 bxa5 38. Rxa5 Re3 39. Rb5 Kg7 40. Rc5 Rd3 41. Rb5 Rc3 42. Rd5 f5 43.
h4 Rc6 44. Re5 Kf6 45. Rb5 Ke6 46. Ra5 Rd6 47. Kg1 Rd2 48. Rb5 Kf6 49. Rc5 Re2 50. Rb5 Re5 51. Rb6+ Re6 52. Rb5 Re5 53. Rb6+ Re6 54.
Rb5 Re5 1/2-1/2

[Event "*** Titled Tuesday Blitz"]
[Site "Chess.com"]
[Date "2020.12.29"]
[Round "9"]
[White "Matols"]
[Black "ehrenfeld"]
[Result "0-1"]
[WhiteElo "2268"]
[BlackElo "2526"]
[TimeControl "180+1"]
[EndTime "11:45:13 PST"]
[Termination "ehrenfeld won on time"]

1. d4 Nf6 2. c4 e6 3. g3 Bb4+ 4. Bd2 a5 5. Bg2 d6 6. e4 Nc6 7.
Ne2 e5 8. d5 Ne7 9. O-O Bc5 10.
Nbc3 Ng6 11. a3 h5 12. Bg5 h4 13. b4 Bb6 14. Na4 Ba7 15. c5 hxg3 16. fxg3 Bd7 17. Rc1 Rh5 18. Bxf6 gxf6 19. Nec3 Rh7 20. Qf3 Kf8 21.
Qxf6 Qxf6 22. Rxf6 Ke7 23. Rf2 Rah8 24. Bf3 f5 25. h4 f4 26. h5 fxg3 27. Rg2 Nf4 28. Rxg3 Nxh5 29. Bxh5 Rxh5 30. Rg7+ Kd8 31. Kf2 Rh2+ 32.
Rg2 c6 33. Rg1 cxd5 34. exd5 dxc5 35. bxc5 Rxg2+ 36. Rxg2 Rh4 37. Nb6 Bxb6 38. cxb6 Rc4 39. Rg3 Rd4 40. Ke3 Ke7 41. Rg7+ Kd6 42. Ne4+ Kxd5 43.
Rxd7+ Kc4 44. Rxb7 Rd3+ 45. Ke2 Rxa3 46. Rc7+ Kd5 47. Nf6+ Kd6 0-1

[Event "*** Titled Tuesday Blitz"]
[Site "Chess.com"]
[Date "2020.12.29"]
[Round "9"]
[White "IrishMonkey"]
[Black "GM4life"]
[Result "1-0"]
[WhiteElo "2635"]
[BlackElo "2436"]
[TimeControl "180+1"]
[EndTime "11:45:14 PST"]
[Termination "IrishMonkey won by checkmate"]

1. e4 c5 2. Nf3 d6 3. d4 cxd4 4.
Nxd4 Nf6 5. Nc3 a6 6. Be2 e5 7. Nb3 Be7 8. O-O O-O 9. a4 Be6 10. Bf3 Nbd7 11. a5 Qc7 12. Re1 Rac8 13. Be3 Rfd8 14. Nd2 h6 15. Nf1 Nc5 16. Ng3 Qc6 17. Qe2 Kh7 18. Qd2 Bf8 19. Nd5 Bxd5 20. exd5 Qc7 21.
Rac1 g6 22. b4 Ncd7 23. c3 Ne8 24. h4 h5 25. c4 f5 26. Bxh5 gxh5 27. Nxf5 Ndf6 28.
Qd3 e4 29. Qd2 Ng7 30. Bb6 Qf7 31. Qh6+ Kg8 32. Qg5 Kh7 33. Bxd8 Rxd8 34. Ng3 Re8 35. Qf4 Qg6 36. Re3 Re5 37. Ree1 Nf5 38. Qg5 Nxg3 39.
Qxg3 Bh6 40. Qxg6+ Kxg6 41. Rb1 e3 42. g3 Ng4 43. f3 Nf2 44. Rb3 Nh3+ 45. Kg2 Nf2 46. f4 Re4 47. Rbxe3 Rxc4 48. Kxf2 Rxb4 49. Re6+ Kh7 50. Rc1 Bg7 51. Rc7 Rb1 52. f5 Rb2+ 53. Kf3 Rb3+ 54. Kf4 Kh8 55. Re8+ Kh7 56. Ree7 Rb4+ 57.
Kg5 Rg4+ 58. Kxh5 Rxg3 59. f6 Kh8 60. Rxg7 Rf3 61. Rc8# 1-0

[Event "*** Titled Tuesday Blitz"]
[Site "Chess.com"]
[Date "2020.12.29"]
[Round "9"]
[White "Chernov_Alexander_A"]
[Black "Everyfishknows"]
[Result "0-1"]
[WhiteElo "2310"]
[BlackElo "2404"]
[TimeControl "180+1"]
[EndTime "11:45:14 PST"]
[Termination "Everyfishknows won on time"]

1. d4 Nf6 2. Nc3 d6 3. e4 e5 4. Nf3 Nbd7 5. Bc4 Be7 6. O-O O-O 7. a4 a5 8. Re1 c6 9. h3 h6 10.
Ba2 Re8 11. Nh4 exd4 12. Qxd4 Qb6 13. Qxb6 Nxb6 14. Be3 Nbd7 15. Ng6 Ne5 16. Nxe7+ Rxe7 17. Rad1 Ne8 18. Rd2 Be6 19. Bxe6 Rxe6 20. b3 Nd7 21. Red1 Ndf6 22. f3 d5 23. Bd4 dxe4 24. Bxf6 Nxf6 25. fxe4 Nxe4 26. Rd8+ Rxd8 27. Rxd8+ Kh7 28. Nxe4 Rxe4 29. Rd7 Re2 30. Rxf7 Rxc2 31. Rxb7 Rb2 32. Rb6 h5 33.
Rxc6 Rxb3 34. Rc5 g6 35. Rxa5 Ra3 36. Ra6 h4 37. Kf2 Kh6 38. a5 Kg5 39. Ra8 Kf4 40. a6 Ra2+ 41. Ke1 Kg3 42. Kf1 Ra1+ 43. Ke2 Kxg2 44. Rh8 Kxh3 45. Ra8 g5 46. Kf3 g4+ 47. Kf4 g3 48. Kf3 Ra3+ 49. Ke2 g2 0-1